 Dungeon Crawl Stone Soup version 0.23-a0-416-g33f1def (webtiles) character file.

93 AymanAU the Chopper (level 4, 0/39 HPs)
             Began as a Minotaur Fighter on Nov 9, 2018.
             Killed from afar by Sigmund (2 damage)
             ... with a puff of flame
             ... on level 2 of the Dungeon.
             The game lasted 00:04:48 (1921 turns).

AymanAU the Chopper (Minotaur Fighter)              Turns: 1921, Time: 00:04:48

Health: 0/39       AC:  6    Str: 22    XL:     4   Next: 36%
Magic:  3/3        EV:  9    Int:  5    God:
Gold:   45         SH:  0    Dex:  9    Spells: 3/3 levels left

rFire    . . .     SeeInvis .   a - +0 war axe
rCold    . . .     Gourm    .   q - +2 buckler
rNeg     . . .     Faith    .   o - +0 scale mail
rPois    .         Spirit   .   (helmet restricted)
rElec    .         Reflect  .   (no cloak)
rCorr    .         Harm     .   (no gloves)
MR       .....                  (no boots)
Stlth    ..........             (no amulet)
HPRegen  0.13/turn              (no ring)
MPRegen  0.08/turn              (no ring)

@: confused
A: retaliatory headbutt, horns 2
a: no special abilities


You were on level 2 of the Dungeon.
You were not hungry.

You visited 1 branch of the dungeon, and saw 2 of its levels.

You collected 45 gold pieces.

Inventory:

Hand Weapons
 a - a +0 war axe (weapon)
 b - a +0 hunting sling
Missiles
 e - 42 stones (quivered)
 l - 45 arrows
Armour
 c - a +0 shield
 o - a +0 scale mail (worn)
 q - a +2 buckler (worn)
Scrolls
 i - a scroll of remove curse {unknown}
 j - a scroll of immolation {unknown}
 k - a scroll of teleportation {unknown}
 n - a scroll of enchant armour {unknown}
Potions
 d - 2 potions of might
Comestibles
 f - 3 rations
 g - 2 chunks of flesh


   Skills:
 - Level 3.6 Fighting
 + Level 5.7 Axes
 - Level 3.6 Armour
 - Level 3.6 Shields


You had 3 spell levels left.
You didn't know any spells.
Your spell library was empty.

Dungeon Overview and Level Annotations

Branches:
Dungeon (2/15)

Altars:

Annotations:
D:2 Sigmund


Innate Abilities, Weirdness & Mutations

You reflexively headbutt those who attack you in melee.
You have a pair of horns on your head.


Message History

Throwing (i - inventory)
e - 43 stones (quivered)
Press: ? - help, Shift-Dir - straight line, f/p - Sigmund
Aim: Sigmund, wielding a +1 scythe of distortion and wearing a +0 robe You throw a stone.
The stone hits Sigmund but does no damage.
Sigmund points at you and mumbles some strange words.
You are confused.
You barely miss Sigmund. Your headbutt misses Sigmund.
Sigmund hits you but does no damage. Space warps horribly around you!
Sigmund hits you from afar with a +1 scythe of distortion!
* * * LOW HITPOINT WARNING * * *
Space warps horribly around you!
* * * LOW HITPOINT WARNING * * *
Things that are here:
a +0 spear; a gnoll skeleton You're too confused to move!
You bump into the rock wall.
Sigmund gestures at you while chanting. The puff of flame hits you!
You die...

### #.# #.( ... ... #..
##.##############.#####..
................... .#..
####.######.#######.###.# .
######..[.######.##........#.#..
......................(.......?.
#######....#...<..@.(.....#...#..
...........#....@#...####.###.#
###.#.###..#.........#........# #
#.#.# #..#......#..#.##g###.# #
#.#.# #..######.#..# #r# .#
....#.. ...# #.#.... #.# ##
####### #..# #.#....##K# .# . ..#
#.###..##g##.# # .....r......#
###..##..###


You could see Sigmund.

Vanquished Creatures
  3 gnolls
  An adder (D:1)
  An ooze (D:1)
  3 dart slugs (D:1)
  A leopard gecko (D:1)
  A giant cockroach (D:1)
  8 goblins
  8 hobgoblins (D:1)
  4 kobolds (D:1)
  3 bats
  4 frilled lizards
  6 rats
43 creatures vanquished.

Notes
Turn   | Place    | Note
-------+----------+-------------------------------------------
     0 | D:1      | AymanAU the Minotaur Fighter began the quest for the Orb.
     0 | D:1      | Reached XP level 1. HP: 19/19 MP: 0/0
    30 | D:1      | Reached skill level 3 in Axes
   138 | D:1      | Reached XP level 2. HP: 26/26 MP: 1/1
   188 | D:1      | Reached skill level 4 in Axes
   202 | D:1      | Reached XP level 3. HP: 12/31 MP: 2/2
  1061 | D:2      | Noticed Sigmund
  1066 | D:1      | Reached skill level 5 in Axes
  1433 | D:2      | HP: 2/31 [adder (3)]
  1445 | D:1      | Reached XP level 4. HP: 2/39 MP: 3/3
  1919 | D:2      | HP: 2/39 [Sigmund/+1 scythe of distortion (6)]
  1921 | D:2      | Killed from afar by Sigmund

Vault maps used:
D:1:      minmay_arrival_four_circles, minmay_vboxes
D:2:      makhleb_blood_cavern_becter, minmay_misc_feat_cross, minmay_domino_4,
          uniq_crazy_yiuf_cottage, uniq_sigmund

Skill      XL: |  1  2  3 |
---------------+----------+-----
Axes           | 3 4 5 |  5.7
Fighting       | |  3.6
Armour         | |  3.6
Shields        | |  3.6

Action                   |  1- 3 |  4- 6 || total
-------------------------+-------+-------++-------
Melee: War axe           |    86 |     8 ||    94
       Headbutt          |    15 |     1 ||    16
 Fire: Hunting sling     |     4 |       ||     4
Throw: Stone             |     2 |     3 ||     5
  Use: Potion            |     3 |       ||     3
  Eat: Chunk             |     1 |     2 ||     3
Armor: Scale mail        |    35 |     1 ||    36
       Skin              |     5 |       ||     5
Dodge: Dodged            |    31 |     1 ||    32
Block: Shield            |    34 |       ||    34
       Buckler           |    11 |     3 ||    14

Table legend:
 A = Non-vault XP
 B = Vault XP
 C = Vault XP percentage of total XP
 D = Non-vault monster count
 E = Vault monster count
 F = Vault count percentage of total count
                 A         B        C        D         E       F
            +---------+---------+-------+---------+---------+-------
      Total |     109 |      24 |  18.0 |      32 |      11 |  25.6
            +---------+---------+-------+---------+---------+-------
        D:1 |      92 |      20 |  17.9 |      29 |       9 |  23.7
        D:2 |      17 |       4 |  19.0 |       3 |       2 |  40.0
            +---------+---------+-------+---------+---------+-------
